 Dungeon Crawl Stone Soup version 0.29.1-1-gd02db6906a (webtiles) character file.

Game seed: 6720987179255315397

32356 Iusername the Carver (level 13, -3/113 HPs)
             Began as a Minotaur Fighter on Sept 15, 2022.
             Was a High Priest of Dithmenos.
             Slain by a death yak (17 damage)
             ... on level 4 of the Lair of Beasts.
             The game lasted 00:38:51 (19960 turns).

Iusername the Carver (Minotaur Fighter)            Turns: 19960, Time: 00:38:52

Health: -3/113     AC: 14    Str: 34    XL:     13   Next: 30%
Magic:  12/12      EV: 14    Int:  5    God:    Dithmenos [*****.]
Gold:   574        SH:  0    Dex: 17    Spells: 12/12 levels left

rFire   x . .      SeeInvis +   A - +9 long sword of the Lumpy Knaves {freeze, *Rage rElec rC+ rCorr}
rCold   + . .      Faith    .   c - +1 buckler
rNeg    . . .      Spirit   .   b - +0 scale mail
rPois   .          Reflect  .   (helmet restricted)
rElec   +          Harm     .   M - +2 cloak
rCorr   +          Rampage  .   e - +0 pair of gloves
Will    .....      Rage     20% (no boots)
Stlth   ..........              J - amulet of regeneration
HPRegen 1.08/turn               w - ring of Joy {rF- Str+5 Dex+6}
MPRegen 0.13/turn               a - ring "Xacirog" {Fly Str+4 SInv}

@: confused, ambrosia-drunk, on berserk cooldown, flying, slowed, wreathed by
umbra, studying Maces & Flails, very slow
A: horns 2, retaliatory headbutt
a: Renounce Religion, Shadow Step, Shadow Form


You were on level 4 of the Lair of Beasts.
You worshipped Dithmenos.
Dithmenos was extremely pleased with you.
You visited 3 branches of the dungeon, and saw 15 of its levels.

You collected 1483 gold pieces.
You spent 909 gold pieces at shops.

Inventory:

Hand Weapons
 A - the +9 long sword of the Lumpy Knaves (weapon) {freeze, *Rage rElec rC+ rCorr}
   (You bought it in a shop on level 5 of the Dungeon)

   It freezes those it strikes, dealing additional cold damage.
   It can also slow down cold-blooded creatures.
   rC:        It protects you from cold.
   rElec:     It insulates you from electricity.
   *Rage:     It berserks you when you make melee attacks (+20% chance).
   rCorr:     It protects you from acid and corrosion.
Missiles
 n - 5 silver boomerangs
 C - 5 throwing nets
Armour
 b - a +0 scale mail (worn)
 c - a +1 buckler (worn)
 e - a +0 pair of gloves (worn)
 M - a +2 cloak (worn)
Jewellery
 a - the ring "Xacirog" (right hand) {Fly Str+4 SInv}
   (You found it on level 10 of the Dungeon)

   [ring of see invisible]

   Str:       It affects your strength (+4).
   SInv:      It lets you see invisible.
   Fly:       It grants you flight.
 w - the ring of Joy (left hand) {rF- Str+5 Dex+6}
   (You found it on level 1 of the Lair of Beasts)

   [ring of dexterity]

   Str:       It affects your strength (+5).
   Dex:       It affects your dexterity (+6).
   rF:        It makes you vulnerable to fire.
 J - an amulet of regeneration (around neck)
Wands
 D - a wand of paralysis (1)
 E - a wand of acid (5)
 H - a wand of flame (7) (quivered)
 O - a wand of roots (5)
Scrolls
 g - 5 scrolls of butterflies
 j - a scroll of amnesia
 m - 4 scrolls of teleportation
 o - 3 scrolls of torment
 q - 2 scrolls of poison
 t - 4 scrolls of noise
 y - a scroll of fear
 I - 2 scrolls of identify
 N - a scroll of magic mapping
 P - a scroll of blinking {unknown}
Potions
 d - 2 potions of might
 f - 5 potions of lignification
 h - 5 potions of attraction
 i - 4 potions of curing {unknown}
 k - 2 potions of degeneration {unknown}
 l - 4 potions of berserk rage {unknown}
 p - 7 potions of ambrosia
 u - a potion of magic {unknown}
 v - 5 potions of haste {unknown}
 z - a potion of flight {unknown}
 B - a potion of resistance {unknown}
 F - 2 potions of brilliance {unknown}
 G - a potion of mutation {unknown}
 L - a potion of cancellation {unknown}
Miscellaneous
 r - a lightning rod (4/4)
 s - a condenser vane (inert)
 x - a phantom mirror


   Skills:
 - Level 10.0 Fighting
 + Level 14.8 Long Blades
 + Level 7.2 Axes
 + Level 2.5 Throwing
 + Level 12.7 Armour
 + Level 7.3 Dodging
 + Level 3.0 Stealth
 + Level 12.2 Shields
 + Level 3.6 Evocations


You had 12 spell levels left.
You didn't know any spells.
Your spell library contained the following spells:

 Spells                   Type           Power      Damage    Failure   Level
 Beastly Appendage        Tmut           0%         N/A       71%         1
 Foxfire                  Conj/Fire      0%         2x1d4     71%         1
 Magic Dart               Conj           0%         1d3       71%         1
 Slow                     Hex            0%         N/A       71%         1
 Summon Small Mammal      Summ           0%         N/A       71%         1
 Blink                    Tloc           0%         N/A       83%         2
 Scorch                   Fire           0%         2d5       83%         2
 Searing Ray              Conj           0%         2d4       83%         2
 Wereblood                Tmut           0%         N/A       83%         2
 Call Canine Familiar     Summ           0%         N/A       97%         3
 Confusing Touch          Hex            0%         N/A       97%         3
 Conjure Flame            Conj/Fire      0%         6-21      97%         3
 Ignite Poison            Fire/Tmut/Pois 0%         N/A       97%         3
 Inner Flame              Hex/Fire       0%         N/A       97%         3
 Lesser Beckoning         Tloc           0%         N/A       97%         3
 Mephitic Cloud           Conj/Pois/Air  0%         N/A       97%         3
 Ozocubu's Armour         Ice            0%         N/A       97%         3
 Spider Form              Tmut/Pois      0%         N/A       97%         3
 Summon Guardian Golem    Hex/Summ       0%         N/A       97%         3
 Vampiric Draining        Necr           0%         2d6       97%         3
 Cause Fear               Hex            0%         N/A       100%        4
 Flame Wave               Conj/Fire      0%         2d4       100%        4
 Fulminant Prism          Conj/Hex       0%         3d6       100%        4
 Sticky Flame             Conj/Fire      0%         2d3       100%        4
 Freezing Cloud           Conj/Ice/Air   0%         6-21      100%        5
 Lightning Bolt           Conj/Air       0%         1d11      100%        5
 Manifold Assault         Tloc           0%         N/A       100%        5
 Summon Forest            Summ/Tloc      0%         N/A       100%        5
 Conjure Ball Lightning   Conj/Air       0%         3x3d6     100%        6
 Eringya's Noxious Bog    Tmut/Pois      0%         N/A       100%        6
 Summon Cactus Giant      Summ           0%         N/A       100%        6
 Ozocubu's Refrigeration  Ice            0%         4d7       100%        7
 Summon Hydra             Summ           0%         N/A       100%        7
 Discord                  Hex            0%         N/A       100%        8
 Disjunction              Tloc           0%         N/A       100%        8


Dungeon Overview and Level Annotations

Branches:
Dungeon (10/15)            Temple (1/1) D:5            Lair (4/5) D:8
 Shoals (0/4) Lair:3        Snake (0/4) Lair:3          Orc (0/2) D:10
  Slime: Lair:4-5

Altars:
Dithmenos
Elyvilon
Fedhas
Gozag
Kikubaaqudgha
Makhleb
Nemelex Xobeh
Okawaru
Qazlal
Ru
Sif Muna
Trog
Uskayaw
Vehumet
Wu Jian
Xom
Yredelemnul
Zin

Shops:
D:5 (   D:7 [

Annotations:
D:4 2 transporters, Splishie's ghost, amateur KoEn


Innate Abilities, Weirdness & Mutations

You have a pair of horns on your head.
You reflexively headbutt those who attack you in melee.


Message History

You block the death yak's attack.
You slash the death yak! You freeze the death yak.
The death yak is severely wounded.
Your shadow hits the death yak with a long sword.
The death yak completely misses you. The death yak misses you. x2
Unknown command.
You hit the death yak. You freeze the death yak.
The death yak is severely wounded.
Your shadow hits the death yak with a long sword.
The death yak gores you! You block the death yak's attack. x2
Unknown command.
You hit the death yak. You freeze the death yak.
The death yak is severely wounded.
The death yak gores you! The death yak gores you!!
You block the death yak's attack.
Unknown command.
You are too injured to fight recklessly!
The death yak attacks as you move away! You block the death yak's attack.
The death yak misses you.
The death yak gores you but does no damage.
You hit the death yak. You freeze the death yak.
The death yak is almost dead.
Your shadow hits the death yak with a long sword!
The death yak gores you!!
* * * LOW HITPOINT WARNING * * *
The death yak gores you but does no damage.
The death yak closely misses you.
Unknown command.
You slice the death yak!! You freeze the death yak.
You kill the death yak!
Dithmenos accepts your kill.
The death yak gores you but does no damage.
You block the death yak's attack.
You are confused.
You feel invigorated. The death yak gores you!
* * * LOW HITPOINT WARNING * * *
The death yak misses you. The death yak gores you.
* * * LOW HITPOINT WARNING * * *
The death yak gores you!
You die...

.... #...F ###....
#.#..# ###.P.P# # #
##P#....#..# #.P
###...........#....
###..#....#####...#
.###.........††Y@.P.#
..........#.P..Y.....#
#...P .>.#...####.##
####....#..#....# .#
##...#...#.#.# ..
#..#....#.###.. ##
.#........# ###
.......#.. . ......# #


You could see 2 death yaks.

Vanquished Creatures
  Harold (Lair:2)
  Fannar (Lair:2)
  A hydra (Lair:3)
  An ogre mage (D:10)
  A two-headed ogre (D:9)
  7 death yaks
  The ghost of themarg the Devastator, a journeyman TeCj of Vehumet (Lair:1)
  Erica (Lair:1)
  An ugly thing (D:10)
  2 manticores
  3 cyclopes (D:10)
  2 black mambas (Lair:2)
  7 elephants
  3 cane toads
  2 molten gargoyles (Lair:3)
  2 kobold demonologists
  2 rime drakes
  2 komodo dragons
  A troll (D:10)
  A queen bee (Lair:3)
  A merfolk (D:9)
  A hornet (D:10)
  A polar bear (Lair:3)
  A dream sheep (Lair:1)
  13 blink frogs
  A raiju (shapeshifter) (D:10)
  2 slime creatures
  A shadow (D:10)
  A wraith (D:7)
  2 wyverns
  17 yaks
  3 basilisks
  2 steam dragons
  2 vampire mosquitoes (D:10)
  4 acid dragons
  3 nagas (Lair:3)
  2 water moccasins
  3 orc warriors
  4 black bears
  2 ogres (D:5)
  3 centaurs
  16 wolves
  4 phantoms
  2 kobold brigands
  12 bullfrogs
  A gnoll sergeant (D:6)
  4 scorpions
  A necrophage (D:6)
  6 wights
  25 killer bees (Lair:3)
  5 howler monkeys
  2 electric eels
  5 lava snakes (Lair:3)
  2 quasits (D:5)
  5 orc priests
  A gnoll bouda (D:6)
  4 hounds
  3 jellies
  3 iguanas
  11 orc wizards
  8 gnolls (D:6)
  5 adders
  3 shadow imps
  5 white imps (D:5)
  3 ufetubi
  A worm (D:2)
  9 dart slugs
  53 orcs
  4 ball pythons
  5 endoplasms
  4 giant cockroaches
  5 goblins
  4 hobgoblins
  5 quokkas
  5 bats
  5 frilled lizards
  9 kobolds
  3 rats
359 creatures vanquished.

Vanquished Creatures (others)
  7 demonic plants (D:5)
  11 fungi
  34 plants
52 creatures vanquished.

Grand Total: 411 creatures vanquished

Notes
Turn   | Place    | Note
-------+----------+-------------------------------------------
     0 | D:1      | Iusername the Minotaur Fighter began the quest for the Orb.
     0 | D:1      | Reached XP level 1. HP: 19/19 MP: 0/0
   118 | D:1      | Reached XP level 2. HP: 27/27 MP: 1/1
   249 | D:1      | Found a faded altar of an unknown god.
   926 | D:2      | Reached XP level 3. HP: 33/33 MP: 2/2
  1636 | D:3      | Noticed a black bear
  1643 | D:3      | Killed a black bear
  1644 | D:3      | Reached skill level 5 in Armour
  1644 | D:3      | Reached XP level 4. HP: 19/40 MP: 3/3
  2130 | D:3      | Reached XP level 5. HP: 46/46 MP: 4/4
  2294 | D:3      | Reached skill level 1 in Dodging
  2928 | D:3      | Found a blossoming altar of Fedhas.
  2932 | D:3      | Found a transporter.
  2961 | D:3      | Found a transporter.
  2989 | D:3      | Reached XP level 6. HP: 41/53 MP: 5/5
  3015 | D:3      | Identified a scroll of acquirement
  3015 | D:3      | Acquired 788 gold pieces
  3373 | D:4      | Found a transporter.
  3374 | D:4      | Found a transporter.
  3374 | D:4      | Noticed Splishie's ghost (amateur KoEn)
  3562 | D:4      | Reached skill level 5 in Axes
  4323 | D:5      | Entered Level 5 of the Dungeon
  4865 | D:5      | Noticed a steam dragon
  4872 | D:5      | Killed a steam dragon
  4873 | D:5      | Reached XP level 7. HP: 56/60 MP: 6/6
  5598 | D:5      | Found a staircase to the Ecumenical Temple.
  5611 | Temple   | Entered the Ecumenical Temple
  5635 | Temple   | Became a worshipper of Dithmenos the Shadowed
  5992 | D:5      | Reached skill level 5 in Fighting
  5992 | D:5      | Reached skill level 5 in Shields
  6061 | D:5      | Found Piyciwia's Weapon Emporium.
  6074 | D:5      | Bought the +9 long sword of the Lumpy Knaves {freeze, *Rage
                  | rElec rC+ rCorr} for 909 gold pieces
  6637 | D:5      | Reached skill level 1 in Stealth
  6637 | D:5      | Reached XP level 8. HP: 67/68 MP: 7/7
  6699 | D:6      | Reached skill level 1 in Long Blades
  6718 | D:6      | Reached skill level 2 in Long Blades
  7294 | D:6      | Found an iron altar of Okawaru.
  7294 | D:6      | Found a basalt altar of Yredelemnul.
  7318 | D:6      | Reached * piety under Dithmenos
  7326 | D:6      | Reached skill level 3 in Long Blades
  7387 | D:6      | Reached skill level 4 in Long Blades
  7644 | D:6      | Found an opulent altar of Gozag.
  7816 | D:6      | Reached skill level 5 in Long Blades
  7816 | D:6      | Reached XP level 9. HP: 73/75 MP: 8/8
  8281 | D:7      | Reached skill level 1 in Throwing
  8307 | D:7      | Reached ** piety under Dithmenos
  8863 | D:7      | Found Gasumeel's Antique Armour Shoppe.
  9108 | D:7      | Reached skill level 6 in Long Blades
  9355 | D:7      | Noticed a manticore
  9368 | D:7      | Killed a manticore
  9369 | D:7      | Reached skill level 7 in Long Blades
 10094 | D:8      | Reached skill level 1 in Evocations
 10521 | D:8      | Found a staircase to the Lair.
 10521 | D:8      | Noticed an elephant
 10531 | D:8      | Killed an elephant
 10532 | D:8      | Reached skill level 8 in Long Blades
 10532 | D:8      | Reached XP level 10. HP: 86/86 MP: 9/9
 11097 | D:9      | Noticed a rust devil
 11101 | D:9      | Noticed a two-headed ogre
 11105 | D:9      | Reached *** piety under Dithmenos
 11111 | D:9      | Killed a two-headed ogre
 11112 | D:9      | Reached skill level 9 in Long Blades
 11365 | D:9      | Reached skill level 10 in Long Blades
 11725 | D:10     | Entered Level 10 of the Dungeon
 11735 | D:10     | Noticed a cyan ugly thing
 11743 | D:10     | Killed a cyan ugly thing
 12238 | D:10     | Found a staircase to the Orcish Mines.
 12244 | D:10     | Identified the ring "Xacirog" {Fly Str+4 SInv}
 12549 | D:10     | Noticed an orange demon
 12556 | D:10     | Reached skill level 11 in Long Blades
 12556 | D:10     | Reached XP level 11. HP: 94/94 MP: 10/10
 13271 | D:10     | Found a bloodstained altar of Trog.
 13290 | D:10     | Found a white marble altar of Elyvilon.
 13296 | D:10     | Found a glowing silver altar of Zin.
 13296 | D:10     | Found a bloodstained altar of Trog.
 13298 | D:10     | Found a basalt altar of Yredelemnul.
 13298 | D:10     | Found an ancient bone altar of Kikubaaqudgha.
 13357 | D:10     | Noticed an ogre mage
 13367 | D:10     | Paralysed by an ogre mage for 4 turns
 13372 | D:10     | Killed an ogre mage
 13375 | D:10     | Reached skill level 10 in Armour
 13498 | D:10     | Reached skill level 5 in Dodging
 14415 | D:10     | Got the Cyclopedia of the Entourage and the Birds
 14486 | D:10     | Identified the +4 sling of Shame {flame, rElec rPois}
 14708 | D:10     | Reached skill level 12 in Long Blades
 15197 | D:10     | Found a stormy altar of Qazlal.
 15203 | D:10     | Found a white marble altar of Elyvilon.
 15203 | D:10     | Found a burning altar of Makhleb.
 15204 | D:10     | Found an ancient bone altar of Kikubaaqudgha.
 15204 | D:10     | Found a radiant altar of Vehumet.
 15304 | Lair:1   | Entered Level 1 of the Lair of Beasts
 15502 | Lair:1   | Noticed a death yak
 15506 | Lair:1   | Noticed a death yak
 15507 | Lair:1   | Noticed a death yak
 15507 | Lair:1   | Noticed a death yak
 15507 | Lair:1   | Noticed a death yak
 15521 | Lair:1   | Killed a death yak
 15525 | Lair:1   | Killed a death yak
 15529 | Lair:1   | Killed a death yak
 15538 | Lair:1   | Killed a death yak
 15546 | Lair:1   | Killed a death yak
 16391 | Lair:1   | Reached XP level 12. HP: 104/104 MP: 11/11
 16484 | Lair:1   | Identified the ring of Joy {rF- Str+5 Dex+6}
 16584 | Lair:1   | Reached skill level 13 in Long Blades
 16606 | Lair:1   | Found a sparkling altar of Nemelex Xobeh.
 16635 | Lair:1   | Reached **** piety under Dithmenos
 16694 | Lair:1   | Noticed Erica
 16709 | Lair:1   | Killed Erica
 16715 | Lair:1   | Reached skill level 10 in Shields
 17168 | Lair:1   | Found a runed translucent door.
 17168 | Lair:1   | Noticed themarg's ghost (journeyman TeCj)
 17180 | Lair:1   | Killed themarg's ghost
 17366 | Lair:2   | Noticed Harold
 17376 | Lair:2   | Killed Harold
 17590 | Lair:2   | Noticed Fannar
 17604 | Lair:2   | Killed Fannar
 17605 | Lair:2   | Reached skill level 14 in Long Blades
 17616 | Lair:2   | Reached skill level 10 in Fighting
 17824 | Lair:2   | Found a dark tunnel.
 18408 | Lair:3   | Noticed a seven-headed hydra
 18415 | Lair:3   | Killed an 11-headed hydra
 18545 | Lair:3   | Reached XP level 13. HP: 113/113 MP: 12/12
 18548 | Lair:3   | Reached ***** piety under Dithmenos
 18692 | Lair:3   | Found a staircase to the Shoals.
 18826 | Lair:3   | Found a staircase to the Snake Pit.
 19960 | Lair:4   | Slain by a death yak

Illustrated notes

Levels and vault maps discovered:
D:1:      roderic_octagonal_star, layout_basic,
          shapermc_ecumenical_altar_acropolis
D:2:      layout_basic
D:3:      kennysheep_slugbush, layout_loops_corners,
          gammafunk_temple_overflow_arena
D:4:      layout_loops_ring, gammafunk_ghost_smash,
          chequers_serial_rivers_micro_e
D:5:      layout_basic, minmay_temple_entry_grid, serial_demonic,
          serial_demonic_f, serial_demonic_e, serial_demonic_c,
          serial_demonic_d, serial_shops, kennysheep_mini_moat,
          ebering_dispersal_statue_hall, kennysheep_path_1
D:6:      layout_basic, gammafunk_temple_overflow_pools,
          mainiacjoe_overflow_24_doors, minmay_manual_mandibuliform
D:7:      minmay_chambers_of_sixes, layout_basic, serial_shops, shop
D:8:      layout_loops_corners, david_lair_generic, minmay_statues_item
D:9:      layout_gridville, hangedman_fish_farm
D:10:     minmay_the_grid_octo_2x2 [minmay_the_grid_octo_checkered,
          minmay_the_grid_octo_vomiting_pacman, minmay_the_grid_octo_shrine,
          minmay_the_grid_octo_prize_single_spiral], layout_basic, minitemple,
          orc_0_dummy, corner_web_ring
Temple:   nicolae_temple_bog_church
Lair:1:   wad_woods_stonehenge, layout_chaotic_city,
          ebering_ghost_reflecting_pool, infiniplex_staircase_pool, uniq_erica
Lair:2:   layout_misc_corridors, nicolae_volcano_entry_lava_flow, minivault_19,
          uniq_fannar, uniq_harold
Lair:3:   cheibrodos_magma_flow, layout_gridlike, elwin_shoals_entry_rocks,
          guppyfry_snake_entry_garden, special_room [special_room_bee]
Lair:4:   layout_loops_ring, slime_entry_1, serial_bayou_shore_b,
          lemuel_fruit_fields

Skill      XL: |  1  2  3  4  5  6  7  8  9 10 11 12 13 |
---------------+----------------------------------------+-----
Fighting       | 4 5 6 7 9 10 | 10.0
Armour         | 4 5 6 7 9 11 12 | 12.7
Shields        | 4 5 6 7 8 9 11 12 | 12.2
Axes           | 3 4 5 7 |  7.2
Dodging        | 1 3 4 5 6 7 |  7.3
Stealth        | 1 2 3 |  3.0
Long Blades    | 5 8 11 12 14 | 14.8
Throwing       | 1 2 |  2.5
Evocations     | 1 2 3 |  3.6

Action                   |  1- 3 |  4- 6 |  7- 9 | 10-12 | 13-15 || total
-------------------------+-------+-------+-------+-------+-------++-------
Melee: War axe           |    75 |   115 |    31 |       |       ||   221
       Headbutt          |     8 |    23 |    33 |    82 |    26 ||   172
       Long sword        |       |       |   170 |   419 |   101 ||   690
Throw: Boomerang         |       |     2 |     5 |     3 |       ||    10
       Throwing net      |       |       |       |     3 |       ||     3
Evoke: Wand              |       |       |     9 |    15 |       ||    24
       Lightning rod     |       |       |       |     5 |       ||     5
       Condenser vane    |       |       |       |     1 |       ||     1
  Use: Scroll            |       |     7 |     1 |     5 |       ||    13
       Potion            |       |     1 |     2 |     6 |     1 ||    10
Armor: Scale mail        |    33 |    69 |    69 |    95 |    17 ||   283
       Skin              |       |       |       |     3 |       ||     3
Dodge: Dodged            |    55 |    62 |   146 |   294 |    63 ||   620
Block: Buckler           |    11 |    52 |   128 |   187 |    34 ||   412
       Reflection        |       |     1 |    12 |     2 |       ||    15
